 Dungeon Crawl Stone Soup version 0.30.1-11-g7821555f0a (webtiles) character file.

Game seed: 1844104268004203722

32 Cheops the Stinger (level 3, -6/21 HPs)
             Began as an Octopode Venom Mage on Dec 2, 2023.
             Mangled by Crazy Yiuf
             ... wielding a +3 quarterstaff of chaos
              (8 damage)
             ... on level 2 of the Dungeon.
             The game lasted 00:02:22 (2274 turns).

Cheops the Stinger (Octopode Venom Mage)            Turns: 2274, Time: 00:02:22

Health: -6/21      AC:  1    Str:  7    XL:     3   Next: 25%
Magic:  0/6        EV: 13    Int: 19    God:
Gold:   81         SH:  0    Dex: 12    Spells: 3/6 levels left

rFire   . . .        (no weapon)
rCold   . . .        (no shield)
rNeg    . . .        (helmet restricted)
rPois   .            (no amulet)
rElec   .            (no ring)
rCorr   .            (no ring)
SInv    .            (no ring)
Will    .....        (no ring)
Stlth   +++          (no ring)
HPRegen 0.23/turn    (no ring)
MPRegen 0.10/turn    (no ring)
                     (no ring)

%: no passive effects
@: very slightly contaminated
A: almost no armour, amphibious, 8 rings, camouflage 1, gelatinous body 1,
(nimble swimmer 1), tentacles
a: no special abilities


You were on level 2 of the Dungeon.
You visited 1 branch of the dungeon, and saw 2 of its levels.

You collected 81 gold pieces.

Inventory:

Scrolls
 c - a scroll of magic mapping {unknown}
 g - a scroll of fog {unknown}
 h - 2 scrolls of enchant armour {unknown}
 i - a scroll of poison {unknown}
 j - a scroll of teleportation {unknown}
 k - a scroll of identify {unknown}
Potions
 a - a potion of magic
 b - 2 potions of heal wounds {unknown}
 d - 4 potions of curing {unknown}
 e - a potion of might {unknown}
 f - a potion of haste {unknown}


   Skills:
 + Level 2.5 Dodging
 - Level 2.6 Stealth
 - Level 2.0 Spellcasting
 * Level 2.4 Transmutations
 * Level 3.7 Poison Magic


You had 3 spell levels left.
You knew the following spells:

 Your Spells              Type           Power      Damage    Failure   Level
a - Sting                 Tmut/Pois      52%        1d5       4%          1
v - Poisonous Vapours     Pois/Air       18%        N/A       12%         2

Your spell library contained the following spells:

 Spells                   Type           Power      Damage    Failure   Level
 Freeze                   Ice            4%         1d3       17%         1
 Blink                    Tloc           2%         N/A       26%         2
 Mephitic Cloud           Conj/Pois/Air  6%         N/A       30%         3
 Frozen Ramparts          Ice            2%         1d1       45%         3
 Gell's Gravitas          Tloc           1%         N/A       45%         3
 Hailstorm                Conj/Ice       1%         3d3       45%         3
 Teleport Other           Tloc           1%         N/A       45%         3
 Olgreb's Toxic Radiance  Pois           16%        N/A       34%         4
 Anguish                  Hex/Necr       0%         N/A       86%         4
 Cause Fear               Hex            0%         N/A       86%         4
 Manifold Assault         Tloc           1%         N/A       86%         4
 Dispersal                Tloc           0%         N/A       100%        6
 Enfeeble                 Hex            0%         N/A       100%        7
 Storm Form               Tmut/Air       3%         N/A       100%        7


Dungeon Overview and Level Annotations

Branches:
Dungeon (2/15)

Altars:

Annotations:
D:2 Crazy Yiuf


Innate Abilities, Weirdness & Mutations

You cannot wear most types of armour.
You are amphibious.
You can wear up to eight rings at the same time.
Your skin changes colour to match your surroundings (Stealth+).
Your rubbery body absorbs attacks. (AC +1, EV +1)
((You are camouflaged when in or above water. (Stealth+)))
You have tentacles for arms and can constrict up to eight enemies at once.


Message History

Crazy Yiuf shouts!
Crazy Yiuf says, "Prologue!"
You see here a +0 falchion.
You see here a +0 dagger.
Key pressed, stopping explore.
You see here a +0 dagger.
Could not explore, unopened runed door.
Could not explore, unopened runed door.
Could not explore, unopened runed door.
Okay, then.
As you open the door, it creaks loudly!
Crazy Yiuf shouts!
Crazy Yiuf drinks a potion.
Crazy Yiuf goes berserk!
Casting: Sting (safe; 4% risk of failure)
Confirm with . or Enter, or press ? or * to list all spells.
Aiming: Poisonous Vapours (safe; 12% risk of failure)
Press: ? - help, Dir - move target, f - Crazy Yiuf
Aim: Crazy Yiuf, wielding a +3 quarterstaff of chaos and wearing a +0 cloak (berserk) Poisonous vapours surround Crazy Yiuf!
Crazy Yiuf is poisoned.
Crazy Yiuf hits you with a +3 quarterstaff of chaos.
Crazy Yiuf freezes you.
Casting: Poisonous Vapours (safe; 12% risk of failure)
Confirm with . or Enter, or press ? or * to list all spells.
Aiming: Sting (safe; 4% risk of failure)
Press: ? - help, Shift-Dir - straight line, f/p - Crazy Yiuf
Aim: Crazy Yiuf, wielding a +3 quarterstaff of chaos and wearing a +0 cloak (berserk, poisoned, 75% to hit)
You miscast Sting.
You are very lightly contaminated with residual magic.
Nothing appears to happen.
Crazy Yiuf hits you with a +3 quarterstaff of chaos!
Ouch! That really hurt!
* * * LOW HITPOINT WARNING * * *
You feel your power leaking away.
Casting: Sting (safe; 4% risk of failure)
Confirm with . or Enter, or press ? or * to list all spells.
You don't have enough magic to cast this spell.
Casting: Sting (safe; 4% risk of failure)
Confirm with . or Enter, or press ? or * to list all spells.
You don't have enough magic to cast this spell.
Crazy Yiuf hits you with a +3 quarterstaff of chaos!
You die...

######### ###
♣♣####### ........#
#)..#♣♣ ♣♣.#....>#
#########
#...'g♣♣♣♣......#.#
#####
#...#♣@.♣......##.#
....# ###
♣♣♣.♣..#.###.#
....# ♣♣♣♣♣### #.#
....##### #.#
........###
########### #.#
..........#
#.........# #.#
........(.#
#.#######.###.#
....####### #.#
#.##..# ..........#
#.# #.#...#


You could see Crazy Yiuf (berserk, poisoned).

Vanquished Creatures
  A dart slug (D:2)
  A ball python (D:2)
  4 bats
  5 endoplasms (D:1)
  A giant cockroach (D:2)
  2 goblins (D:2)
  A hobgoblin (D:2)
  4 jackals (D:1)
  2 kobolds (D:2)
  A quokka (D:1)
  A rat (D:2)
23 creatures vanquished.

Notes
Turn   | Place    | Note
-------+----------+-------------------------------------------
     0 | D:1      | Cheops the Octopode Venom Mage began the quest for the Orb.
     0 | D:1      | Reached XP level 1. HP: 11/11 MP: 3/3
   362 | D:1      | Reached XP level 2. HP: 17/17 MP: 1/5
  1529 | D:2      | Reached XP level 3. HP: 21/21 MP: 3/6
  1584 | D:2      | Learned a level 2 spell: Poisonous Vapours
  2035 | D:2      | Found a runed translucent door.
  2036 | D:2      | Noticed Crazy Yiuf
  2274 | D:2      | Mangled by Crazy Yiuf

Illustrated notes

Levels and vault maps discovered:
D:1:      denvon_arrival_waterhouse, layout_basic
D:2:      layout_basic, uniq_crazy_yiuf_cottage

Skill      XL: |  1  2 |
---------------+-------+-----
Transmutations | 2 |  2.4
Dodging        | |  2.5
Stealth        | |  2.6
Spellcasting   | |  2.0
Poison Magic   | |  3.7

Action                     || total
---------------------------++-------
  Melee: Unarmed           ||    13
         Tentacles         ||     1
         Constrict         ||     2
   Cast: Sting             ||    38
         Poisonous Vapours ||     5
 Armour: Skin              ||     2
  Dodge: Dodged            ||    13
